[Event "Titled Tuesday Blitz February 14 Early 2023"]
[White "Durarbayli, Vasif"]
[Black "Al-Tarboush, Ward"]
[WhiteFideId "13402935"]
[BlackFideId "7601450"]
[WhiteElo "2627"]
[BlackElo "2256"]
[Result "0-1"]
[Round "04"]
[TimeControl "180+2"]
[Date "2023.02.15"]
[WhiteClock "0:00:02"]
[BlackClock "0:00:05"]

1. e4 c5 2. Nf3 Nc6 3. d4 cxd4 4. Nxd4 Nf6 5. Nc3 e5 6. Ndb5 d6 7. Bg5 a6 8. Na3 b5 9. Nab1 Be7 10. Bxf6 Bxf6 11. a4 b4 12. Nd5 Bg5 13. Nd2 O-O 14. Nf3 Be7 15. Bc4 Be6 16. Qd3 a5 17. Rd1 Kh8 18. O-O f5 19. Nxe7 Qxe7 20. Bxe6 Qxe6 21. exf5 Qa2 22. b3 Rad8 23. Ng5 Nd4 24. Ne6 Nxe6 25. fxe6 Rfe8 26. Qf5 Qb2 27. Qf7 Qxc2 28. Rxd6 Qg6 29. Qxg6 hxg6 30. Rfd1 Rxd6 31. Rxd6 Kg8 32. Ra6 Rc8 33. h4 Kf8 34. Rxa5 Rc3 35. Rxe5 Rxb3 36. Rg5 Ra3 37. Rxg6 b3 38. e7+ Kxe7 39. Rxg7+ Kf6 40. Rb7 Ke5 41. Kh2 Kd4 42. h5 Kc3 43. h6 Rxa4 44. h7 Rh4+ 45. Kg3 Rh6 46. Rc7+ Kd2 47. Rd7+ Kc2 48. Rc7+ Kd2 49. Rb7 Kc2 50. f4 b2 51. f5 Rxh7 52. Rxb2+ Kxb2 53. Kf4 Kc3 54. g4 Kd4 55. f6 Kd5 56. Kf5 Kd6 57. g5 Rh1 58. Kg6 Ke6 59. Kg7 Rf1 60. Kg8 Rf5 61. Kf8 Rxg5 62. f7 Rf5 63. Kg8 Rxf7 0-1


[Site "https://www.chess.com"]

[Event "Titled Tuesday Blitz February 14 Early 2023"]
[White "Demchenko, Anton"]
[Black "Vovk, Orest"]
[WhiteFideId "4160258"]
[BlackFideId "14113490"]
[WhiteElo "2623"]
[BlackElo "2315"]
[Result "1-0"]
[Round "04"]
[TimeControl "180+2"]
[Date "2023.02.15"]
[WhiteClock "0:00:10"]
[BlackClock "0:00:02"]

1. e4 g5 2. d4 g4 3. Qxg4 d5 4. Qf3 dxe4 5. Qxe4 Nf6 6. Qh4 Nc6 7. c3 Rg8 8. Bg5 Ne4 9. Qxe4 Rxg5 10. Nf3 Rg6 11. Be2 Qd6 12. Na3 Be6 13. Nc4 Qd5 14. Qxd5 Bxd5 15. Ne3 Be4 16. O-O O-O-O 17. Nd2 Bd5 18. Nxd5 Rxd5 19. Bc4 Rdg5 20. g3 e6 21. f4 Ra5 22. a4 Bd6 23. b4 Rh5 24. Be2 Rhh6 25. Ne4 Ne7 26. Bd3 Rg7 27. Rf3 Nd5 28. Raf1 f5 29. Ng5 Kd8 30. Re1 Re7 31. Bc4 c6 32. Rd3 Kd7 33. Bxd5 exd5 34. Rxe7+ Bxe7 35. Nf3 Bf6 36. Kg2 Rg6 37. Re3 Rg8 38. Ne5+ Bxe5 39. Rxe5 Rf8 40. h3 b6 41. Kf3 Kd6 42. g4 fxg4+ 43. hxg4 c5 44. Rh5 Rf7 45. Rh6+ Kc7 46. b5 cxd4 47. cxd4 Re7 48. f5 Re4 49. Rxh7+ Kd6 50. Rh6+ Kd7 51. g5 Rxd4 52. g6 Rd1 53. g7 1-0


[Site "https://www.chess.com"]

[Event "Titled Tuesday Blitz February 14 Early 2023"]
[White "Sychev, Klementy"]
[Black "Gjestemoen-VonHirsch, Andre"]
[WhiteFideId "4114060"]
[BlackFideId "1539531"]
[WhiteElo "2547"]
[BlackElo "2314"]
[Result "0-1"]
[Round "04"]
[TimeControl "180+2"]
[Date "2023.02.15"]
[WhiteClock "0:00:02"]
[BlackClock "0:00:42"]

1. e4 g6 2. d4 Bg7 3. Nc3 c5 4. dxc5 Bxc3+ 5. bxc3 Qa5 6. Qd4 Nf6 7. Qb4 Qc7 8. Nf3 Nc6 9. Qa4 Ne5 10. Nxe5 Qxe5 11. Qd4 Qxe4+ 12. Be3 O-O 13. O-O-O b6 14. Bd3 Qc6 15. Rde1 Bb7 16. f3 Rfc8 17. Qe5 bxc5 18. Bg5 c4 19. Bf1 d6 20. Qg3 Nd5 21. Bxe7 Re8 22. Bg5 Qa4 23. Kd2 Qa3 24. Rxe8+ Rxe8 25. f4 Re3 26. Qxe3 Nxe3 27. Kxe3 Qxc3+ 28. Kf2 Qd2+ 29. Kg3 Qe3+ 30. Kh4 Qf2+ 31. g3 Bxh1 0-1


[Site "https://www.chess.com"]

[Event "Titled Tuesday Blitz February 14 Early 2023"]
[White "Predke, Alexandr"]
[Black "Gimenez Aguirre, Alejo Ismael"]
[WhiteFideId "24107581"]
[BlackFideId "32041667"]
[WhiteElo "2685"]
[BlackElo "2273"]
[Result "1-0"]
[Round "04"]
[TimeControl "180+2"]
[Date "2023.02.15"]
[WhiteClock "0:00:04"]
[BlackClock "0:00:19"]

1. d4 Nf6 2. c4 e6 3. Nc3 Bb4 4. e3 O-O 5. Bd3 d5 6. cxd5 exd5 7. a3 Bd6 8. Qc2 c6 9. Bd2 Re8 10. Nge2 b5 11. f3 a6 12. g4 c5 13. dxc5 Bxc5 14. g5 Nh5 15. Bxh7+ Kh8 16. O-O-O Qxg5 17. Rhg1 Qh6 18. Bf5 Bxe3 19. Bxc8 Rxc8 20. Bxe3 Qxe3+ 21. Kb1 Nc6 22. Rxd5 Nf6 23. Rdg5 g6 24. f4 b4 25. R5g3 Qe6 26. f5 Qxf5 27. Qxf5 gxf5 28. Nd5 Nh7 29. Nb6 bxa3 30. Nxc8 Rxc8 31. Rxa3 Nb4 32. Nd4 f4 33. Rh3 Nd5 34. Nf3 f6 35. Rg6 Rg8 36. Rxg8+ Kxg8 37. Nd4 Kg7 38. Ra3 Nc7 39. Rc3 Nd5 40. Rc6 Ne3 41. Rxa6 Ng5 42. b4 Ng4 43. b5 f3 44. Nxf3 Nxf3 45. b6 Nge5 46. b7 Nd7 47. Rd6 Nb8 48. Rd8 Na6 49. Ra8 Nc5 50. b8=Q Ne6 51. Qg8+ Kh6 52. Qxe6 Kg6 53. Rg8+ Kh6 54. Qxf6+ Kh7 55. Qh8# 1-0


[Site "https://www.chess.com"]

[Event "Titled Tuesday Blitz February 14 Early 2023"]
[White "Hirneise, Jens"]
[Black "Kovalenko, Igor"]
[WhiteFideId "24614734"]
[BlackFideId "14117908"]
[WhiteElo "2277"]
[BlackElo "2674"]
[Result "0-1"]
[Round "04"]
[TimeControl "180+2"]
[Date "2023.02.15"]
[WhiteClock "0:00:08"]
[BlackClock "0:01:57"]

1. d4 Nf6 2. Nf3 d5 3. Bg5 Ne4 4. Bc1 c5 5. e3 Nc6 6. Bd3 Bg4 7. h3 Bh5 8. g4 Bg6 9. h4 c4 10. Be2 h5 11. gxh5 Bxh5 12. Nbd2 Nf6 13. b3 c3 14. Nf1 e6 15. Ng3 Bg4 16. Ng5 Bxe2 17. Qxe2 Bd6 18. Qf3 b5 19. a4 b4 20. Kf1 Qc7 21. Kg2 O-O-O 22. a5 a6 23. Qe2 Kb7 24. Ra4 Nh7 25. f4 Nxg5 26. hxg5 Rxh1 27. Nxh1 f5 28. Qh5 Qe7 29. Nf2 Qe8 30. Qh7 Qg8 31. Qh1 Kc7 32. Nd3 Rb8 33. Qh5 g6 34. Qh6 Rb5 35. Ne5 Bxe5 36. fxe5 Rxa5 37. Rxa5 Nxa5 38. e4 fxe4 39. Qh1 Nc6 40. Qf1 Kb6 41. Be3 Ne7 42. Qf6 Nf5 43. Bg1 a5 44. Kf1 a4 45. bxa4 Ka5 46. Ke2 Kxa4 47. Be3 b3 48. cxb3+ Kxb3 49. Bf4 Nxd4+ 50. Kd1 Nf5 51. Bc1 d4 52. Qd8 Qxd8 0-1


[Site "https://www.chess.com"]

[Event "Titled Tuesday Blitz February 14 Early 2023"]
[White "Gharibyan, Mamikon"]
[Black "Berezin, Viktor"]
[WhiteFideId "13308300"]
[BlackFideId "14107872"]
[WhiteElo "2500"]
[BlackElo "2307"]
[Result "1-0"]
[Round "04"]
[TimeControl "180+2"]
[Date "2023.02.15"]
[WhiteClock "0:00:16"]
[BlackClock "0:00:10"]

1. e4 g6 2. d4 Bg7 3. Nf3 d6 4. Bc4 Nf6 5. Qe2 O-O 6. O-O Bg4 7. h3 Bxf3 8. Qxf3 Nc6 9. c3 e5 10. Rd1 Qe7 11. d5 Nb8 12. Bg5 Nbd7 13. Nd2 h6 14. Bh4 Qe8 15. Bd3 Nh5 16. Bc2 Nf4 17. Bg3 g5 18. Nf1 f6 19. Ne3 Qg6 20. Nf5 Rae8 21. b4 h5 22. Bh2 Nb6 23. Ne3 Bh6 24. a4 Kh7 25. Bxf4 gxf4 26. Nf5 Nc8 27. g3 Ne7 28. Nh4 Qg5 29. Kh2 Ng6 30. Nxg6 Qxg6 31. Rg1 Rg8 32. h4 Qg4 33. Bd1 Qxf3 34. Bxf3 fxg3+ 35. fxg3 Rg7 36. Bxh5 Reg8 37. Raf1 Bd2 38. Rf3 a6 39. Rd1 Rxg3 40. Rxd2 Rg1 41. Rxf6 Re1 42. Rg2 Rxg2+ 43. Kxg2 Re3 44. Bg6+ Kg7 45. Re6 Rxc3 46. h5 Rb3 47. Bf5 Rxb4 48. h6+ Kh8 49. Re8# 1-0


[Site "https://www.chess.com"]

[Event "Titled Tuesday Blitz February 14 Early 2023"]
[White "Ibarra Jerez, Jose Carlos"]
[Black "Raahul V S"]
[WhiteFideId "2226332"]
[BlackFideId "25035525"]
[WhiteElo "2563"]
[BlackElo "2299"]
[Result "1-0"]
[Round "04"]
[TimeControl "180+2"]
[Date "2023.02.15"]
[WhiteClock "0:00:04"]
[BlackClock "0:00:01"]

1. e4 e6 2. d4 d5 3. Nc3 Nf6 4. Bg5 Be7 5. e5 Nfd7 6. Bxe7 Qxe7 7. Qg4 f6 8. exf6 Nxf6 9. Qh4 e5 10. dxe5 Qxe5+ 11. Be2 O-O 12. O-O-O c6 13. Nf3 Qh5 14. Qd4 Qg4 15. Qd2 Nbd7 16. Nd4 Qg6 17. Ne6 Rf7 18. h4 Nf8 19. Ng5 Re7 20. Bd3 Qe8 21. f3 h6 22. Nh3 N8d7 23. g4 Ne5 24. Be2 h5 25. g5 Nh7 26. Nf4 Bf5 27. Rhg1 Nf8 28. g6 Bxg6 29. Rg3 Bf5 30. Rdg1 Nh7 31. Qd4 Kh8 32. Rg5 Nxg5 33. Rxg5 g6 34. Nxh5 gxh5 35. Rxf5 Kg8 36. f4 Ng6 37. Bxh5 Re1+ 38. Nd1 Kh7 39. Rg5 Qe7 40. Bxg6+ Kh6 41. Bd3 Re8 42. Rg6+ Kh5 43. Rg5+ Kh6 44. Qf2 Qe3+ 45. Qxe3 R8xe3 46. Kd2 Re6 47. Nf2 Rb1 48. Ng4# 1-0


[Site "https://www.chess.com"]

[Event "Titled Tuesday Blitz February 14 Early 2023"]
[White "Golubev, Mikhail"]
[Black "Rakhmanov, Aleksandr"]
[WhiteFideId "14100983"]
[BlackFideId "4173708"]
[WhiteElo "2461"]
[BlackElo "2632"]
[Result "0-1"]
[Round "04"]
[TimeControl "180+2"]
[Date "2023.02.15"]
[WhiteClock "0:00:07"]
[BlackClock "0:00:11"]

1. e4 c5 2. Nf3 Nf6 3. Nc3 d5 4. exd5 Nxd5 5. d4 Nxc3 6. bxc3 g6 7. Bc4 Bg7 8. O-O cxd4 9. cxd4 Nc6 10. c3 O-O 11. Re1 Na5 12. Bf1 e6 13. Ba3 Re8 14. Ne5 Nc6 15. Nxc6 bxc6 16. Rb1 Qa5 17. Qb3 Ba6 18. Qb4 Qxb4 19. Bxb4 Bxf1 20. Kxf1 Reb8 21. Bd6 Rb6 22. Bc5 Ra6 23. Re2 Bf8 24. Bxf8 Kxf8 25. Ke1 Rd8 26. Reb2 Rd5 27. Rb8+ Kg7 28. Rc8 e5 29. Rb2 exd4 30. cxd4 Rxd4 31. Rc2 Rda4 32. R8xc6 Rxc6 33. Rxc6 Rxa2 34. Rc7 g5 35. g4 Kg6 36. Kf1 f6 37. Kg2 h5 38. h3 hxg4 39. hxg4 Ra6 40. Kg3 Ra3+ 41. f3 Ra6 42. Rb7 f5 43. gxf5+ Kxf5 44. Rf7+ Ke6 45. Rg7 Kf6 46. Rc7 Ra5 47. Rb7 a6 48. Rb8 Ke5 49. Re8+ Kd4 50. Kg4 Rb5 51. Rg8 a5 52. Rxg5 Rxg5+ 53. Kxg5 a4 54. f4 a3 55. f5 a2 56. f6 a1=Q 57. f7 Qa3 0-1


[Site "https://www.chess.com"]

[Event "Titled Tuesday Blitz February 14 Early 2023"]
[White "Sharapov, Evgeny"]
[Black "Pantsulaia, Levan"]
[WhiteFideId "14103133"]
[BlackFideId "13602071"]
[WhiteElo "2375"]
[BlackElo "2570"]
[Result "1-0"]
[Round "04"]
[TimeControl "180+2"]
[Date "2023.02.15"]
[WhiteClock "0:00:06"]
[BlackClock "0:00:03"]

1. e4 c5 2. Nf3 e6 3. d4 cxd4 4. Nxd4 a6 5. Bd3 Nf6 6. O-O e5 7. Nb3 h6 8. c4 a5 9. Be3 Nc6 10. Nc3 a4 11. Nd2 a3 12. b3 b6 13. Nd5 Bc5 14. Bxc5 bxc5 15. f4 d6 16. Nxf6+ Qxf6 17. fxe5 Qxe5 18. Nf3 Qe7 19. e5 Nxe5 20. Nxe5 dxe5 21. Qf3 Ra6 22. Rae1 Rd6 23. Qe4 f6 24. Qg6+ Qf7 25. Qg3 Qe7 26. Bg6+ Kd8 27. Qe3 Rd4 28. Qc3 Qc7 29. Rd1 Qb6 30. Kh1 Ke7 31. Rxd4 cxd4 32. Qg3 Be6 33. Bd3 g5 34. Qf3 Rf8 35. Qh5 Qb4 36. Qxh6 Qd2 37. Bg6 Qxa2 38. Qg7+ Rf7 39. Bxf7 1-0


[Site "https://www.chess.com"]

[Event "Titled Tuesday Blitz February 14 Early 2023"]
[White "Baskakov, Egor"]
[Black "Shapiro, Viktor"]
[WhiteFideId "24197866"]
[BlackFideId "4175700"]
[WhiteElo "2215"]
[BlackElo "2192"]
[Result "0-1"]
[Round "04"]
[TimeControl "180+2"]
[Date "2023.02.15"]
[WhiteClock "0:00:03"]
[BlackClock "0:00:17"]

1. e4 Nf6 2. Nc3 d5 3. exd5 Nxd5 4. g3 Bf5 5. Bg2 e6 6. Nge2 Be7 7. O-O O-O 8. d3 c6 9. Nf4 Nd7 10. Ncxd5 cxd5 11. d4 Rc8 12. c3 b5 13. g4 Bg6 14. Nxg6 hxg6 15. a3 a5 16. Be3 b4 17. cxb4 axb4 18. a4 Qb6 19. f4 Rc4 20. Kh1 Rfc8 21. f5 gxf5 22. gxf5 Bf6 23. fxe6 fxe6 24. b3 Rc3 25. Bg1 Nf8 26. Qg4 Qd8 27. Rae1 Rxb3 28. Rxe6 Nxe6 29. Qxe6+ Kh7 30. Qf5+ g6 31. Qe6 Bg7 32. Bxd5 Rbc3 33. Be4 Qg5 34. Rf3 Rxf3 35. Bxf3 Rc1 36. Qh3+ Qh6 37. Qg4 b3 38. Be4 b2 39. d5 b1=Q 40. Bxb1 Rxb1 41. d6 Qe3 42. Qh4+ Kg8 43. Qc4+ Kh7 44. Qh4+ Bh6 45. Qg4 Rc1 46. a5 Qd3 47. Qd7+ Bg7 48. Qg4 Qd5+ 49. Qg2 Qxg2+ 50. Kxg2 Ra1 51. Bb6 Bf6 52. Kf3 Kg7 53. Ke4 Kf7 54. Kd5 Rd1+ 55. Kc6 Ke6 56. Bc5 Be5 57. a6 Bxd6 58. a7 Ra1 59. Bb6 Bxh2 60. Kb7 Bd6 61. a8=Q Rxa8 62. Kxa8 g5 63. Kb7 Kd5 64. Bf2 g4 65. Bh4 Be5 66. Kb6 Ke4 67. Kc5 Kf3 68. Kc4 Bg3 69. Bg5 Bf2 70. Be7 g3 71. Bd6 g2 72. Bh2 Kg4 73. Kd3 Kh3 0-1


[Site "https://www.chess.com"]

[Event "Titled Tuesday Blitz February 14 Early 2023"]
[White "Boros, Denes"]
[Black "Principe, Gerson"]
[WhiteFideId "722340"]
[BlackFideId "3804550"]
[WhiteElo "2406"]
[BlackElo "2226"]
[Result "1-0"]
[Round "04"]
[TimeControl "180+2"]
[Date "2023.02.15"]
[WhiteClock "0:01:57"]
[BlackClock "0:00:03"]

1. d4 Nf6 2. Nc3 d5 3. Bg5 e6 4. Nf3 Be7 5. Bxf6 Bxf6 6. e4 O-O 7. Qd3 c5 8. e5 Be7 9. dxc5 Bxc5 10. h4 Nc6 11. Ng5 g6 12. Qg3 Nxe5 13. h5 h6 14. Nh3 Qf6 15. O-O-O g5 16. f4 Nc6 17. Bd3 Bd6 18. Rhf1 Kh8 19. fxg5 Bxg3 20. Rxf6 hxg5 21. Rdf1 Be5 22. Rxf7 Rxf7 23. Rxf7 Bg7 24. h6 1-0


[Site "https://www.chess.com"]

[Event "Titled Tuesday Blitz February 14 Early 2023"]
[White "Avinash, Ramesh"]
[Black "Veiga, Jose Francisco R P Neves"]
[WhiteFideId "45018340"]
[BlackFideId "1930087"]
[WhiteElo "2319"]
[BlackElo "2406"]
[Result "1-0"]
[Round "04"]
[TimeControl "180+2"]
[Date "2023.02.15"]
[WhiteClock "0:01:56"]
[BlackClock "0:00:03"]

1. e4 c5 2. Nc3 Nc6 3. Bb5 Nd4 4. Nf3 e6 5. O-O a6 6. Bd3 Nc6 7. b3 b5 8. Bb2 Bb7 9. Re1 d6 10. Bf1 Nf6 11. d4 cxd4 12. Nxd4 Be7 13. a4 b4 14. Nd5 exd5 15. Nxc6 Bxc6 16. Bxf6 Bxf6 17. exd5+ Kf8 18. dxc6 Bxa1 19. Qxa1 Qc7 20. Qd4 Qxc6 21. Qxb4 g6 22. Qd4 Rg8 23. Bc4 Re8 24. Rxe8+ Kxe8 25. h4 Qc5 26. Qf4 Rf8 27. Bxa6 Ke7 28. Bc4 f6 29. Qf3 Qe5 30. Qb7+ Kd8 31. Bb5 Qe1+ 32. Kh2 Qe5+ 33. g3 1-0


[Site "https://www.chess.com"]

[Event "Titled Tuesday Blitz February 14 Early 2023"]
[White "Rustemov, Alexander"]
[Black "Kumala, Aleksander"]
[WhiteFideId "4119002"]
[BlackFideId "1141880"]
[WhiteElo "2525"]
[BlackElo "2165"]
[Result "1/2-1/2"]
[Round "04"]
[TimeControl "180+2"]
[Date "2023.02.15"]
[WhiteClock "0:00:02"]
[BlackClock "0:00:53"]

1. d4 Nf6 2. c4 Nc6 3. Nf3 e6 4. a3 d6 5. Nc3 g6 6. g3 Bg7 7. Bg2 O-O 8. O-O Re8 9. h3 e5 10. dxe5 Nxe5 11. Nxe5 dxe5 12. Bg5 Qxd1 13. Rfxd1 c6 14. b3 h6 15. Be3 Be6 16. Na4 Nd7 17. Rac1 Bf8 18. b4 Kg7 19. Rc3 f5 20. Rcd3 Nb6 21. Nxb6 axb6 22. Bxb6 Bxc4 23. Rd7+ Re7 24. Rxe7+ Bxe7 25. Rd7 Kf6 26. Rxb7 e4 27. Bd4+ Ke6 28. Bb2 Bxe2 29. Bf1 Bxf1 30. Kxf1 g5 31. Ke2 f4 32. gxf4 gxf4 33. Bc1 Bd6 34. Rh7 c5 35. Rxh6+ Kd5 36. Rh5+ Kc4 37. bxc5 Bxc5 38. Bxf4 Rxa3 39. Bg3 Ra2+ 40. Kf1 Bd4 41. Rh7 Kd3 42. Rd7 e3 43. fxe3 Kxe3 44. Rf7 Ra1+ 45. Kg2 Ra2+ 46. Rf2 Rxf2+ 47. Bxf2+ Ke4 48. Be1 Kf5 49. Kf3 Kg6 50. Bg3 Bf6 51. Kg4 Kh7 52. Bf4 Bg7 53. Kf5 Kg8 54. h4 Bh8 55. h5 Bg7 56. Kg6 Bf8 57. Be5 Bg7 58. Bd6 Kh8 59. Be7 Bc3 1/2-1/2


[Site "https://www.chess.com"]

[Event "Titled Tuesday Blitz February 14 Early 2023"]
[White "Acor, Corey"]
[Black "Kaidanov, Gregory"]
[WhiteFideId "2024861"]
[BlackFideId "2008564"]
[WhiteElo "2216"]
[BlackElo "2559"]
[Result "1-0"]
[Round "04"]
[TimeControl "180+2"]
[Date "2023.02.15"]
[WhiteClock "0:00:37"]
[BlackClock "0:00:51"]

1. e4 e5 2. Nc3 Nf6 3. g3 c6 4. Bg2 d5 5. d3 dxe4 6. dxe4 Qxd1+ 7. Nxd1 Na6 8. a3 Nc5 9. Nc3 h6 10. Nge2 Be7 11. h3 O-O 12. O-O a5 13. Be3 Be6 14. Rfe1 Bc4 15. f4 exf4 16. Nxf4 Rfe8 17. b3 Ba6 18. e5 Nfd7 19. Bf2 Bf8 20. Rad1 Nxe5 21. b4 axb4 22. axb4 Ncd7 23. b5 cxb5 24. Ncd5 Rac8 25. Rd2 Nc4 26. Rde2 Rxe2 27. Rxe2 Nde5 28. Nd3 Bd6 29. Nxe5 Nxe5 30. Rxe5 Kf8 31. Re2 b4 32. Rd2 Bc4 33. Nb6 1-0


[Site "https://www.chess.com"]

[Event "Titled Tuesday Blitz February 14 Early 2023"]
[White "Orozbaev, Eldiar"]
[Black "Lucassen, Mickey"]
[WhiteFideId "13802240"]
[BlackFideId "12919110"]
[WhiteElo "2235"]
[BlackElo "2023"]
[Result "1-0"]
[Round "04"]
[TimeControl "180+2"]
[Date "2023.02.15"]
[WhiteClock "0:01:18"]
[BlackClock "0:00:16"]

1. e4 c5 2. c3 d5 3. exd5 Qxd5 4. d4 Nc6 5. Nf3 Bf5 6. Be3 Bxb1 7. Rxb1 cxd4 8. Nxd4 e6 9. Nxc6 Qxc6 10. Be2 Nf6 11. Bf3 Qa6 12. Qb3 O-O-O 13. a4 Kb8 14. Qb5 Qxb5 15. axb5 b6 16. Ke2 Be7 17. Rhd1 Bd6 18. c4 Be5 19. b4 Rxd1 20. Rxd1 Bc3 21. c5 Bxb4 22. cxb6 axb6 23. Bf4+ Ka7 24. Ra1+ Ba5 25. Rc1 Nd5 26. Bxd5 exd5 27. Rc7+ Ka8 28. Rxf7 Re8+ 29. Kd3 Re4 30. Be3 Rb4 31. Rxg7 Rxb5 32. Rxh7 Rb1 33. Rd7 b5 34. Rxd5 Kb7 35. Ke4 Kc6 36. Rc5+ Kb7 37. h4 Bb6 38. Re5 Rb4+ 39. Kf3 Bc7 40. Re7 Rxh4 41. g3 Rc4 42. Bf4 Kc8 43. Rxc7+ Rxc7 44. Bxc7 Kxc7 45. Ke3 Kd6 46. Kd3 Kd5 47. Kc3 Ke4 48. Kb4 Kf3 49. Kxb5 Kxf2 50. g4 1-0


[Site "https://www.chess.com"]

[Event "Titled Tuesday Blitz February 14 Early 2023"]
[White "Arencibia Monduy, Antonio"]
[Black "Ahmadzada, Ahmad"]
[WhiteFideId "3507939"]
[BlackFideId "13413007"]
[WhiteElo "2122"]
[BlackElo "2488"]
[Result "0-1"]
[Round "04"]
[TimeControl "180+2"]
[Date "2023.02.15"]
[WhiteClock "0:00:53"]
[BlackClock "0:01:33"]

1. Nf3 Nf6 2. b3 b5 3. Bb2 Bb7 4. g3 e6 5. Bg2 Be7 6. O-O O-O 7. d3 d5 8. Nbd2 c5 9. c4 a6 10. Qc2 Nc6 11. a3 Rc8 12. Rac1 Re8 13. Ne5 Nd4 14. Bxd4 cxd4 15. Qb2 Bd6 16. Ndf3 dxc4 17. bxc4 Qe7 18. Ra1 Bxe5 19. Nxe5 Bxg2 20. Kxg2 bxc4 21. Nxc4 e5 22. Rab1 Qe6 23. Qb6 Rc6 24. Qb7 Nd5 25. Qa7 Rc7 26. Qb6 Nxb6 27. Rxb6 Rc6 28. Rb7 Rxc4 0-1


[Site "https://www.chess.com"]

[Event "Titled Tuesday Blitz February 14 Early 2023"]
[White "Oro, Faustino"]
[Black "Mamedov, Edgar"]
[WhiteFideId "20000197"]
[BlackFideId "13739980"]
[WhiteElo "2269"]
[BlackElo "2193"]
[Result "0-1"]
[Round "04"]
[TimeControl "180+2"]
[Date "2023.02.15"]
[WhiteClock "0:00:22"]
[BlackClock "0:00:18"]

1. e4 c6 2. d4 d5 3. e5 c5 4. dxc5 Nc6 5. Nf3 e6 6. Be3 Nh6 7. c3 Nf5 8. Bd4 Bd7 9. Bd3 Nfxd4 10. cxd4 b6 11. O-O bxc5 12. dxc5 Bxc5 13. Nbd2 O-O 14. Rc1 Be7 15. Nb3 Rb8 16. Qe2 Nb4 17. Bb1 Bb5 18. Qd2 Bxf1 19. Rxf1 Qb6 20. Nbd4 g6 21. Qh6 Nc6 22. Ne2 Qxb2 23. Nf4 Qxb1 24. h3 Qe4 25. Kh2 g5 26. g3 gxf4 27. gxf4 Kh8 28. Ng5 Bxg5 29. Qxg5 Qg6 30. Qh4 Rg8 0-1


[Site "https://www.chess.com"]

[Event "Titled Tuesday Blitz February 14 Early 2023"]
[White "Vasquez Schroeder, Rodrigo"]
[Black "Filgueira, Hernan"]
[WhiteFideId "3400042"]
[BlackFideId "101770"]
[WhiteElo "2524"]
[BlackElo "2283"]
[Result "1-0"]
[Round "04"]
[TimeControl "180+2"]
[Date "2023.02.15"]
[WhiteClock "0:01:20"]
[BlackClock "0:00:03"]

1. d4 d6 2. Nf3 Bg4 3. g3 Bxf3 4. exf3 e6 5. Bg2 d5 6. O-O c6 7. c3 Nf6 8. Nd2 g6 9. f4 Bg7 10. Re1 O-O 11. Nf3 Nbd7 12. Ne5 c5 13. Be3 Qc7 14. Rc1 b5 15. dxc5 Nxc5 16. b3 Rad8 17. Qe2 a6 18. Red1 h5 19. c4 dxc4 20. bxc4 Rxd1+ 21. Rxd1 b4 22. Qd2 a5 23. Qd6 Qxd6 24. Rxd6 Nce4 25. Ra6 Rd8 26. Bf3 Nd2 27. Rxa5 Nxf3+ 28. Nxf3 Ne4 29. Rb5 Bc3 30. Ne5 Nd6 31. Rc5 1-0


[Site "https://www.chess.com"]

[Event "Titled Tuesday Blitz February 14 Early 2023"]
[White "Jeet, Jain"]
[Black "Kukhmazov, Arsen"]
[WhiteFideId "5073022"]
[BlackFideId "24108260"]
[WhiteElo "2199"]
[BlackElo "2512"]
[Result "0-1"]
[Round "04"]
[TimeControl "180+2"]
[Date "2023.02.15"]
[WhiteClock "0:00:11"]
[BlackClock "0:00:14"]

1. Nf3 d5 2. g3 c6 3. Bg2 Bf5 4. O-O e6 5. d4 Nf6 6. Nbd2 h6 7. Re1 Nbd7 8. Nh4 Bh7 9. e4 dxe4 10. Nxe4 Be7 11. Nxf6+ Bxf6 12. Nf3 O-O 13. c3 Qb6 14. Qb3 Rfd8 15. Bf4 g5 16. Be5 Qxb3 17. axb3 Be7 18. b4 f6 19. Bc7 Rdc8 20. Rxe6 Bf8 21. Ba5 b6 22. Nd2 bxa5 23. Bxc6 Rxc6 24. Rxc6 axb4 25. Rc7 Nb6 26. Raxa7 Rxa7 27. Rxa7 Bd3 28. Rb7 Na4 29. cxb4 Nxb2 30. b5 Bb4 31. Nb3 Be4 32. Rc7 Bd6 33. Rc8+ Kf7 34. Nc5 Bf5 35. Rd8 Bc7 36. Ra8 Ke7 37. Ra7 Kd8 38. d5 Nc4 39. Na6 Bb6 40. Rf7 Bd4 41. Nb4 Ke8 42. Rc7 Nd6 43. Nc6 Bb6 44. Re7+ Kf8 45. h4 Bc5 46. Rc7 Nxb5 47. Rb7 Nd6 48. Rb2 Ne4 49. hxg5 hxg5 50. Kg2 g4 51. f3 Ng5 52. fxg4 Be4+ 53. Kh2 Bxd5 54. Rb5 Bxc6 55. Rxc5 Bd7 56. Ra5 Bxg4 57. Ra7 Be6 58. Kg2 Bd5+ 59. Kf2 Bf7 60. Ke3 Kg7 61. Kf4 Kg6 62. g4 Ne6+ 63. Kg3 Ng5 64. Ra6 Be6 65. Kf4 Bc8 66. Kg3 Bxa6 0-1


[Site "https://www.chess.com"]

[Event "Titled Tuesday Blitz February 14 Early 2023"]
[White "Harsh Suresh"]
[Black "Ljukin, Sergei"]
[WhiteFideId "45018464"]
[BlackFideId "14102200"]
[WhiteElo "2298"]
[BlackElo "2362"]
[Result "1-0"]
[Round "04"]
[TimeControl "180+2"]
[Date "2023.02.15"]
[WhiteClock "0:00:08"]
[BlackClock "0:01:47"]

1. e4 e6 2. d3 d5 3. Nd2 Nf6 4. Ngf3 Be7 5. g3 O-O 6. Bg2 c5 7. O-O Nc6 8. Re1 Qc7 9. e5 Nd7 10. Qe2 b5 11. Nf1 Qb6 12. h4 c4 13. h5 cxd3 14. cxd3 b4 15. N1h2 b3 16. a3 Ba6 17. h6 g6 18. Ng4 Nd4 19. Nxd4 Qxd4 20. Rd1 Rfc8 21. Be3 Rc2 22. Qxc2 bxc2 23. Bxd4 cxd1=Q+ 24. Rxd1 Nc5 25. Bxc5 Bxc5 26. Nf6+ Kh8 27. d4 Bf8 28. Rc1 Bxh6 29. Rc6 Bc4 30. Rxc4 1-0


[Site "https://www.chess.com"]

[Event "Titled Tuesday Blitz February 14 Early 2023"]
[White "Bashirli, Nail"]
[Black "Cella, Glaucio Dalla Cortt"]
[WhiteFideId "13406809"]
[BlackFideId "2119455"]
[WhiteElo "2326"]
[BlackElo "1894"]
[Result "1-0"]
[Round "04"]
[TimeControl "180+2"]
[Date "2023.02.15"]
[WhiteClock "0:01:13"]
[BlackClock "0:00:11"]

1. e4 c5 2. Nf3 e6 3. Nc3 Nc6 4. Bb5 Nd4 5. O-O Nxb5 6. Nxb5 a6 7. Nc3 b5 8. d4 cxd4 9. Nxd4 Bb7 10. Re1 Nf6 11. Bg5 Be7 12. e5 Nd5 13. Bxe7 Qxe7 14. Ne4 O-O 15. Qd2 Nb6 16. Rad1 Bxe4 17. Rxe4 d5 18. Rg4 Nc4 19. Qh6 g6 20. Rd3 Nxe5 21. Rh4 f5 22. Rg3 Rf7 23. h3 Rc8 24. f4 Nc6 25. Rxg6+ Rg7 26. Qxh7+ Kf8 27. Qh8+ Kf7 28. Rxg7+ 1-0


[Site "https://www.chess.com"]

[Event "Titled Tuesday Blitz February 14 Early 2023"]
[White "EREBUNI91"]
[Black "Petukhov, Dmitry"]
[BlackFideId "4142748"]
[WhiteElo "2719"]
[BlackElo "2350"]
[Result "0-1"]
[Round "04"]
[TimeControl "180+2"]
[Date "2023.02.15"]
[WhiteClock "0:00:01"]
[BlackClock "0:00:15"]

1. e4 c5 2. Nc3 Nc6 3. Bb5 d6 4. Bxc6+ bxc6 5. Nge2 g5 6. d4 cxd4 7. Qxd4 e5 8. Qd3 h6 9. Be3 Nf6 10. O-O-O Be6 11. h4 g4 12. Ng3 Qa5 13. a3 Rb8 14. Nf5 Bxf5 15. exf5 d5 16. Rhe1 Rxb2 17. Kxb2 Bxa3+ 18. Ka1 Bb4+ 19. Na2 Bxe1 20. c3 Bxc3+ 21. Qxc3 Qxc3+ 22. Nxc3 d4 23. Bxd4 exd4 24. Rxd4 Ke7 25. Ra4 Ra8 26. Kb2 a5 27. Kc2 Kd6 28. Kd3 Kc5 29. Rc4+ Kd6 30. Rd4+ Ke5 31. Nd1 a4 32. Ne3 a3 33. f4+ gxf3 34. gxf3 Nd5 35. Nc2 a2 36. Re4+ Kxf5 37. Na1 Ra3+ 38. Kc4 Rxf3 39. Re2 Rc3+ 40. Kd4 Ra3 41. Rf2+ Ke6 42. Kc5 Ra6 43. Re2+ Kf6 44. Rf2+ Kg6 45. Kd6 f6 46. Ke6 Kh5 47. Rf1 Kxh4 48. Nc2 Kg3 49. Kf5 Kg2 50. Ra1 h5 51. Nd4 h4 52. Kg4 h3 53. Nc2 h2 54. Ne1+ Kf2 55. Nf3 h1=Q 56. Rxh1 a1=Q 57. Rh2+ Ke3 58. Kg3 Ra3 59. Rd2 Ke4 60. Re2+ Re3 61. Rf2 Qg1+ 0-1


[Site "https://www.chess.com"]